 Dungeon Crawl Stone Soup version 0.29-a0-284-gf9362112df (webtiles) character file.

Game seed: 15896046550378357697

107 sammy202020 the Skirmisher (level 4, -2/29 HPs)
             Began as a Gargoyle Berserker on Mar 18, 2022.
             Was a Believer of Trog.
             Slain by a gnoll
             ... wielding a +0 spear
              (5 damage)
             ... on level 3 of the Dungeon.
             The game lasted 00:02:06 (1738 turns).

sammy202020 the Skirmisher (Gargoyle Berserker)     Turns: 1738, Time: 00:02:07

Health: -2/29      AC:  8    Str: 27    XL:     4   Next: 85%
Magic:  4/4        EV: 11    Int:  9    God:    Trog [**....]
Gold:   123        SH:  2    Dex:  9    Spells: 3/3 levels left

rFire   . . .      SeeInvis .   g - +0 morningstar
rCold   . . .      Faith    .   k - +0 buckler
rNeg    + . .      Spirit   .   b - +0 animal skin
rPois   ∞          Reflect  .   (no helmet)
rElec   +          Harm     .   (no cloak)
rCorr   .          Rampage  .   f - +0 pair of gloves
Will    .....                   i - +0 pair of boots
Stlth   +.........              (no amulet)
HPRegen 0.09/turn               j - +6 ring of strength
MPRegen 0.09/turn               (no ring)

@: no status effects
A: sickness immunity, AC +3, negative energy resistance 1, electricity
resistance, torment resistance 1, petrification resistance
a: Renounce Religion, Berserk, Trog's Hand


You were on level 3 of the Dungeon.
You worshipped Trog.
Trog was pleased with you.
You visited 1 branch of the dungeon, and saw 3 of its levels.

You collected 123 gold pieces.

Inventory:

Hand Weapons
 a - a +0 mace
 g - a +0 morningstar (weapon)
Armour
 b - a +0 animal skin (worn)
 f - a +0 pair of gloves (worn)
 i - a +0 pair of boots (worn)
 k - a +0 buckler (worn)
Jewellery
 j - a +6 ring of strength (left hand)
Scrolls
 c - a scroll of summoning {unknown}
 d - 2 scrolls of enchant armour {unknown}
 l - a scroll of teleportation {unknown}
Potions
 e - 2 potions of might {unknown}
 h - 2 potions of curing {unknown}


   Skills:
 * Level 4.3 Fighting
 * Level 3.7 Maces & Flails
 * Level 3.5 Armour
 + Level 2.0 Dodging


You had 3 spell levels left.
You didn't know any spells.
Your spell library was empty.

Dungeon Overview and Level Annotations

Branches:
Dungeon (3/15)

Altars:


Innate Abilities, Weirdness & Mutations

You are immune to sickness and miasma.
Your stone body is resilient. (AC +3)
You are immune to poison.
You resist negative energy. (rN+)
You are resistant to electric shocks. (rElec)
You are resistant to unholy torment.
You are immune to petrification.


Message History

The goblin shouts!
The endoplasm freezes you.
You are frozen.
You barely miss the orc.
The gnoll hits you from afar with a +0 spear.
The endoplasm hits you but does no damage.
The orc hits you with a +0 dagger. You block the orc's attack.
The endoplasm freezes you.
You are frozen.
The orc drinks a potion.
The orc seems to speed up.
The gnoll hits you from afar with a +0 spear.
A gnoll comes into view. It is wielding a +0 spear.
The orc attacks as you move away! The orc hits you with a +0 dagger.
The endoplasm jiggles.
The orc attacks as you move away! The orc misses you.
The orc attacks as you move away! The orc barely misses you.
You block the orc's attack. The goblin hits you with a +0 club.
The endoplasm hits you. The endoplasm attacks as you move away!
The endoplasm closely misses you. The orc barely misses you. x2
The orc hits you with a +0 flail. The orc attacks as you move away!
The orc hits you but does no damage. x2
The endoplasm closely misses you.
There is an open door here.
The orc hits you but does no damage.
You hit the orc but do no damage. The orc hits you but does no damage.
The gnoll hits you from afar with a +0 spear.
* * * LOW HITPOINT WARNING * * *
The orc completely misses you.
You puncture the orc!
You kill the orc!
Trog accepts your kill. The gnoll hits you but does no damage.
The gnoll completely misses you.
Things that are here:
a +0 flail; a +0 ring mail; an orc corpse The gnoll attacks as you move away!
The gnoll hits you with a +0 spear.
* * * LOW HITPOINT WARNING * * *
The gnoll hits you from afar with a +0 spear.
You die...

.... #...... #.###..# #.#
##..... #......# #..
...##...# ##'## #.# #.......
##...## #.##### #.###.##
##...g.## #.....# #.# #.##
##......g## #..##.###.# #.##
#.......rJ####.......#.###.#.
+.......oog)@................
#........g####.#.....†.###.#.
##.......## #...###.#.###.##
##.....## #..## #.#.....<.
##...## #..####.#####.##
##+## #...)...# #...
##.###### ###. #.# #. #.# #.


You could see a gnoll, 2 orcs, an endoplasm, a goblin and a rat.

Vanquished Creatures
  A scorpion (D:2)
  An adder (D:2)
  A dart slug (D:2)
  An orc (D:3)
  5 endoplasms
  3 goblins
  4 hobgoblins
  4 kobolds
  7 ball pythons
  2 bats (D:1)
  5 frilled lizards
  5 rats
39 creatures vanquished.

Notes
Turn   | Place    | Note
-------+----------+-------------------------------------------
     0 | D:1      | sammy202020 the Gargoyle Berserker began the quest for the
                  | Orb.
     0 | D:1      | Reached XP level 1. HP: 14/14 MP: 1/1
   279 | D:1      | Reached XP level 2. HP: 16/19 MP: 2/2
   894 | D:2      | Reached XP level 3. HP: 23/23 MP: 3/3
   970 | D:2      | Noticed a scorpion
   987 | D:2      | Killed a scorpion
   988 | D:2      | Reached skill level 4 in Fighting
   988 | D:2      | Reached XP level 4. HP: 15/29 MP: 4/4
  1143 | D:2      | Found a faded altar of an unknown god.
  1217 | D:2      | Reached ** piety under Trog
  1738 | D:3      | Slain by a gnoll

Illustrated notes

Levels and vault maps discovered:
D:1:      minmay_arrival_four_houses, layout_loops_ring
D:2:      layout_rooms, nicolae_ecumenical_snake_handling, minivault_11,
          kennysheep_path_1, uniq_terence
D:3:      layout_loops_corners, corner_web_ring, minmay_between, uniq_natasha

Skill      XL: |  1  2  3  4 |
---------------+-------------+-----
Armour         | 3 |  3.5
Fighting       | 4 |  4.3
Dodging        | 2 |  2.0
Maces & Flails | |  3.7

Action                   |  1- 3 |  4- 6 || total
-------------------------+-------+-------++-------
Melee: Mace              |    22 |       ||    22
       Morningstar       |    55 |    38 ||    93
       Punch             |     1 |       ||     1
Armor: Animal skin       |    40 |    20 ||    60
Dodge: Dodged            |    58 |    27 ||    85
Block: Buckler           |       |     3 ||     3

Table legend: (Time is in decaauts)
 A = Elapsed time spent in this place.
 B = Non-inter-level travel time spent in this place.
 C = Inter-level travel time spent in this place.
 D = Time resting spent in this place.
 E = Time spent auto-exploring this place.
 F = Levels seen in this place.
 G = Mean time per level.
                   A        B        C        D        E       F      G
               +--------+--------+--------+--------+--------+-----+--------+
         Total |   1774 |   1774 |      0 |      0 |   1413 |   3 |  591.3 |
       Dungeon |   1774 |   1774 |      0 |      0 |   1413 |   3 |  591.3 |
               +--------+--------+--------+--------+--------+-----+--------+

Top non-repeatable levels by time:
     D:1: 813 daAuts
     D:3: 497 daAuts
     D:2: 463 daAuts
